 Dungeon Crawl Stone Soup version 0.30.0-29-ga12c61a403 (webtiles) character file.

Game seed: 16841057845289219978

142 Graphine the Unbeliever (level 5, -4/41 HPs)
             Began as a Demonspawn Gladiator on June 24, 2023.
             Killed by divine providence
             ... invoked by an orc priest
              (14 damage)
             ... on level 3 of the Dungeon.
             The game lasted 00:04:33 (1921 turns).

Graphine the Unbeliever (Demonspawn Gladiator)      Turns: 1921, Time: 00:04:33

Health: -4/41      AC:  6    Str: 14    XL:     5   Next: 4%
Magic:  7/7        EV: 12    Int: 12    God:
Gold:   158        SH:  0    Dex: 14    Spells: 4/4 levels left

rFire   . . .        a - +0 flail (spect)
rCold   . . .        (no shield)
rNeg    . . .        b - +0 leather armour
rPois   .            c - +0 helmet
rElec   .            (no cloak)
rCorr   .            h - +0 pair of gloves
SInv    .            (no boots)
Will    .....        (no amulet)
Stlth   +            (no ring)
HPRegen 0.26/turn    (no ring)
MPRegen 0.10/turn

%: no passive effects
@: no status effects
A: rugged brown scales 1, foul stench 1
a: no special abilities


You were on level 3 of the Dungeon.
You visited 1 branch of the dungeon, and saw 3 of its levels.

You collected 158 gold pieces.

Inventory:

Hand Weapons
 a - a +0 spectral flail (weapon)
Missiles
 d - 3 throwing nets (quivered)
 e - a javelin
Armour
 b - a +0 leather armour (worn)
 c - a +0 helmet (worn)
 h - a +0 pair of gloves (worn)
Jewellery
 i - a +5 ring of evasion
Scrolls
 g - 5 scrolls of identify
 j - 3 scrolls of teleportation {unknown}
 k - a scroll of magic mapping {unknown}
 l - a scroll of acquirement {unknown}
Potions
 f - a potion of mutation {unknown}
 m - a potion of flight {unknown}
 n - a potion of ambrosia {unknown}
 o - a potion of heal wounds {unknown}


   Skills:
 + Level 2.9 Fighting
 - Level 2.6(3.0) Maces & Flails
 + Level 1.6(2.4) Staves
 - Level 1.7 Throwing
 + Level 3.3 Dodging
 * Level 3.8 Invocations


You had 4 spell levels left.
You didn't know any spells.
Your spell library was empty.

Dungeon Overview and Level Annotations

Branches:
Dungeon (3/15)

Altars:

Shops:
D:1 *


Innate Abilities, Weirdness & Mutations

You are partially covered in rugged brown scales. (AC +1, +3% HP)
You may rarely emit foul miasma when damaged in melee.


Message History

The orc wizard attacks as you move away!
The orc wizard hits you but does no damage.
The orc wizard gestures at you while chanting.
You are confused.
You bump into the rock wall.
The orc wizard mumbles some strange words.
The orc wizard flickers and vanishes!
Deactivating autopickup; reactivate with Ctrl-A.
Okay, then.
You are too confused!
You are too confused!
You bump into the rock wall.
You hear some strange, mumbled words.
A magic dart appears from out of thin air!
The magic dart hits you.
You bump into the rock wall.
You closely miss the orc.
You feel less confused. Something hits you but does no damage.
The orc misses you.
You closely miss the orc. Something hits you but does no damage.
The orc closely misses you.
You barely miss the orc. Something hits you.
An orc comes into view. It is wielding a +0 club.
The orc hits you with a +0 whip.
You hear some strange, mumbled words.
Something tries to affect you, but you resist.
The orc hits you but does no damage.
You hit the orc.
The orc is lightly wounded.
Something hits you. The orc hits you but does no damage.
The orc priest miscasts a cantrip.
You closely miss the orc.
The orc is lightly wounded.
Something hits you. The orc hits you with a +0 whip.
* * * LOW HITPOINT WARNING * * *
You hit the orc.
You kill the orc!
The orc priest mumbles some strange prayers to Beogh against you.
Beogh smites you!
You die...

#.#...#.#
#.......#
#.......#
#...o...# #
#.#...#.#
#.#.......#.#
#...........#
####...)#####
#......ooo)@#
#.#########.# #.#
#.# #.# #.# #.#
#.#
################.#


You could see an orc priest and 2 orcs.

Vanquished Creatures
  An orc wizard (D:3)
  Natasha (D:3)
  3 adders
  6 orcs (D:3)
  3 bats
  9 endoplasms
  2 giant cockroaches
  5 goblins
  4 hobgoblins
  2 jackals (D:1)
  4 kobolds (D:1)
  4 quokkas
  5 ball pythons
  4 frilled lizards
  5 rats
58 creatures vanquished.

Notes
Turn   | Place    | Note
-------+----------+-------------------------------------------
     0 | D:1      | Graphine the Demonspawn Gladiator began the quest for the
                  | Orb.
     0 | D:1      | Reached XP level 1. HP: 16/16 MP: 1/1
    14 | D:1      | You fall into a shaft and drop 1 floor!
    70 | D:2      | Reached skill level 1 in Invocations
    70 | D:2      | Gained mutation: You may rarely emit foul miasma when
                  | damaged in melee. [demonic ancestry]
    70 | D:2      | Reached XP level 2. HP: 20/22 MP: 1/3
   265 | D:2      | Reached XP level 3. HP: 25/28 MP: 4/4
   572 | D:1      | Reached skill level 1 in Staves
   894 | D:1      | Found Gur Xacozy's Assorted Antiques.
  1032 | D:1      | Found a faded altar of an unknown god.
  1390 | D:3      | Gained mutation: You are partially covered in rugged brown
                  | scales. (AC +1, +3% HP) [demonic ancestry]
  1390 | D:3      | Reached XP level 4. HP: 28/35 MP: 6/6
  1894 | D:3      | Noticed Natasha
  1904 | D:3      | Killed Natasha
  1905 | D:3      | Reached XP level 5. HP: 35/41 MP: 7/7
  1921 | D:3      | Killed from afar by an orc priest

Illustrated notes

Levels and vault maps discovered:
D:1:      dpeg_arrival_chambers_temple_mockup, layout_loops_ring,
          basic_ecumenical_altar, serial_shops, shop, minmay_stone_trees_small,
          lemuel_flame_loot_1
D:2:      layout_rooms
D:3:      cheibrodos_pilgrimage, layout_basic, minmay_large_rounded_square,
          kennysheep_another_room, uniq_natasha

Skill      XL: |  1  2  3  4 |
---------------+-------------+-----
Invocations    | 1 2 3 |  3.8
Dodging        | 3 |  3.3
Staves         | 1 |  1.6
Fighting       | |  2.9
Maces & Flails | |  2.6
Throwing       | |  1.7

Action                     |  1- 3 |  4- 6 || total
---------------------------+-------+-------++-------
  Melee: Flail             |    64 |    38 ||   102
    Use: Scroll            |     2 |       ||     2
   Stab: Sleeping          |     2 |       ||     2
 Armour: Leather armour    |    15 |    16 ||    31
  Dodge: Dodged            |    40 |    25 ||    65
